 Dungeon Crawl Stone Soup version 0.20.1-1-g8b1a95d (webtiles) character file.

152 dohliylev the Covert (level 5, 0/35 HPs)
             Began as a Vampire Enchanter on Dec 26, 2017.
             Slain by a giant cockroach (2 damage)
             ... in a sewer.
             The game lasted 00:08:26 (2481 turns).

dohliylev the Covert (Vampire Enchanter)            Turns: 2481, Time: 00:08:27

Health: 0/35       AC:  3    Str:  7    XL:     5   Next: 11%
Magic:  0/8        EV: 13    Int: 18    God:
Gold:   37         SH:  0    Dex: 15    Spells: 5/8 levels left

rFire    . . .     SeeInvis +   a - +1 dagger
rCold    . . .     Gourm    .   (no shield)
rNeg     + . .     Faith    .   b - +1 robe
rPois    .         Spirit   .   (no helmet)
rElec    .         Reflect  .   (no cloak)
rCorr    .         Harm     .   (no gloves)
MR       .....                  (no boots)
Stlth    ++++......             (no amulet)
Regen    0.2/turn               (no ring)
MPRegen  0.2/turn               (no ring)

@: lethally poisoned (0 -> -5)
A: fangs 3, see invisible, unbreathing
a: Bat Form


You were in a sewer.
You were not thirsty.

You visited 1 branch of the dungeon, and saw 3 of its levels.
You also visited: Sewer.

You collected 37 gold pieces.

Inventory:

Hand Weapons
 a - a +1 dagger (weapon)
Armour
 b - a +1 robe (worn)
Scrolls
 g - a scroll of identify {unknown}
Potions
 d - 2 potions of blood
Books
 c - a book of Maledictions

   Spells                             Type                      Level
   a - Corona                         Hexes                        1
   b - Ensorcelled Hibernation        Hexes/Ice                    2
   c - Confuse                        Hexes                        3
   d - Tukima's Dance                 Hexes                        3
   e - Dazzling Spray                 Conjuration/Hexes            3


   Skills:
 + Level 2.2 Short Blades
 - Level 2.1 Dodging
 - Level 8.3 Stealth
 - Level 2.0 Spellcasting
 - Level 4.4 Hexes
 - Level 1.0 Ice Magic


You had 5 spell levels left.
You knew the following spells:

 Your Spells              Type           Power        Failure   Level  Hunger
a - Corona                Hex            ###....      3%          1    #......
b - Ensorcelled Hibernat  Hex/Ice        ##....       9%          2    ###....


Dungeon Overview and Level Annotations

Branches:
Dungeon (3/15)

Altars:


Innate Abilities, Weirdness & Mutations

You have razor-sharp teeth.
You have supernaturally acute eyesight. (SInv)
You can survive without breathing.


Message History

* * * LOW HITPOINT WARNING * * *
You feel sick. The giant cockroach closely misses you.
The frilled lizard bites you but does no damage.
The ball python closely misses you. The ball python constricts you.
Yummy - fresh blood!
* * * LOW HITPOINT WARNING * * *
You feel sick. The giant cockroach bites you.
* * * LOW HITPOINT WARNING * * *
The frilled lizard bites you but does no damage.
The ball python bites you.
* * * LOW HITPOINT WARNING * * *
x2 The ball python constricts you.
The giant cockroach barely misses you.
Casting: Ensorcelled Hibernation
Confirm with . or Enter, or press ? or * to list all spells.
Aiming: Ensorcelled Hibernation
Press: ? - help, Shift-Dir - straight line, f - ball python
Aim: a ball python (constricting you, chance to defeat MR: 60%)
The ball python looks drowsy...
The ball python loses its grip on you. The frilled lizard closely misses you.
The giant cockroach bites you.
You die...

#############
####≈≈≈≈≈≈≈..≈.####
##≈≈≈≈≈≈.≈.≈.≈≈≈≈≈≈####
≈≈≈≈≈≈#########≈≈.≈≈≈≈##
.≈≈####≈≈≈≈.≈≈####≈.≈≈≈##
≈###≈≈≈≈≈.†≈≈≈≈≈≈###≈≈≈≈##
##≈≈≈≈≈#######≈.≈S≈##≈≈≈≈#
#≈≈≈.### ###@l.≈##≈≈≈##
≈≈≈.## ##s.≈.#≈≈≈≈# ≈≈≈##
##.≈≈##≈≈≈# ≈≈.#
#≈≈≈≈#≈≈≈# ≈≈.# #.≈≈≈#.≈.#
≈.≈# #l≈.≈#≈≈≈# ≈≈≈#
#≈.≈##≈≈≈# ≈≈≈# ≈S≈≈#≈≈.≈#
#≈≈## ≈≈≈##≈≈≈##


You could see a giant cockroach, a ball python (sleeping) and a frilled lizard.

Vanquished Creatures
  5 adders (Sewer)
  10 oozes (Sewer)
  A worm (D:3)
  2 dart slugs (D:1)
  7 leopard geckos (Sewer)
  8 giant cockroaches
  2 hobgoblins
  3 kobolds
  A quokka (D:3)
  6 ball pythons (Sewer)
  2 bats
  7 frilled lizards
  4 rats
58 creatures vanquished.

Notes
Turn   | Place    | Note
-------+----------+-------------------------------------------
     0 | D:1      | dohliylev the Vampire Enchanter began the quest for the Orb.
     0 | D:1      | Reached XP level 1. HP: 13/13 MP: 3/3
    72 | D:1      | Reached skill level 5 in Stealth
   105 | D:1      | Reached XP level 2. HP: 16/19 MP: 3/5
   109 | D:1      | Learned a level 2 spell: Ensorcelled Hibernation
   328 | D:3      | Reached skill level 6 in Stealth
   462 | D:3      | Found a glowing drain.
   531 | Sewer    | Entered a sewer
   670 | Sewer    | Reached XP level 3. HP: 24/24 MP: 1/6
  1170 | Sewer    | Reached skill level 7 in Stealth
  1532 | Sewer    | Reached skill level 1 in Ice Magic
  1532 | Sewer    | Reached XP level 4. HP: 19/30 MP: 0/7
  1930 | Sewer    | Reached skill level 8 in Stealth
  2471 | Sewer    | Reached XP level 5. HP: 25/35 MP: 1/8
  2480 | Sewer    | HP: 1/35 [ball python (1)]
  2481 | Sewer    | Slain by a giant cockroach

Skill      XL: |  1  2  3  4 |
---------------+-------------+-----
Stealth        | 5 6 7 8 |  8.3
Ice Magic      | 1 |  1.0
Short Blades   | 2 |  2.2
Dodging        | |  2.1
Spellcasting   | |  2.0
Hexes          | |  4.4

Action                   |  1- 3 |  4- 6 || total
-------------------------+-------+-------++-------
Melee: Dagger            |    87 |    82 ||   169
       Bite              |     7 |     8 ||    15
 Cast: Corona            |     3 |     1 ||     4
       Ensorcelled Hiber |    21 |    23 ||    44
  Use: Potion            |     1 |     5 ||     6
       Scroll            |     1 |       ||     1
 Stab: Sleeping          |    20 |    10 ||    30
  Eat: Corpse            |     2 |     3 ||     5
Armor: Robe              |    15 |    34 ||    49
       Skin              |    30 |       ||    30
Dodge: Dodged            |    56 |    83 ||   139
